cohdb
Replays
Latest Replays
All Replays
Popular Replays
Top Player Replays
Match Explorer
How It Works
Community
CoH3 Stats
Reddit
Sign in to upload your games and track your stats! →
Sign in with Steam
Match 43291598
Unlisted
Match 43291598
Overview
Messages
Build Orders
End
Construct Infanterie Kompanie
MG 42 Machine Gun Team
Grenadier Squad
Grenadier Squad
MG 42 Machine Gun Team
Grenadier Squad
Construct Luftwaffe Kompanie
Medical Station
Luftwaffe Officer Quarters
Support Elements
Jäger Squad
Marder III M Tank Destroyer
Selects Terror Battlegroup
Selects Machine Gun Camouflage
Selects Defend the Fatherland
Construct Panzer Kompanie
Defend the Fatherland
Panzer Officer Quarters
Selects King Tiger Heavy Tank
King Tiger Heavy Tank
Construct Panzergrenadier Kompanie
251 Medium Carrier
Selects Interrogate
Triarii
GerNicoO
Сrusader-Sensei
Tok3n x Operator
chasedirig
TechT0nic
0
0
Comments
sign in to comment!
No comments posted yet!